[Event "Silver Lake Festival 2022"]
[Site "Veliko Gradiste"]
[Date "2022.06.20"]
[Round "2.8"]
[White "Tyurin, Artem"]
[Black "Krstulovic, Alex"]
[Result "1-0"]
[ECO "A28"]
[WhiteElo "2174"]
[BlackElo "2413"]
[Annotator "TA"]
[PlyCount "207"]
[EventDate "2022.06.16"]
[EventType "swiss"]
[EventCountry "SRB"]
[SourceTitle "playchess.com"]
[Source "ChessBase"]
[SourceQuality "1"]
[TimeControl "5400+30"]

1. c4 Nf6 2. Nc3 e5 3. Nf3 Nc6 4. e3 Bb4 5. Qc2 Bxc3 6. bxc3 e4 {[%emt 0:08:56] A28: English Opening: Four Knights Variation.} 7. Ng5 Qe7 8. f3 exf3 {[%emt 0:00:26] The position is equal.} 9. Nxf3 O-O 10. Be2 d6 11. O-O Bg4 12. d3 d5 13. cxd5 Nxd5 14. Qd2 {[%emt 0:00:09] [#]} Qc5 $146 ({Predecessor:} 14... f5 15. c4 Nf6 16. h3 Bh5 17. Rb1 b6 18. Nh4 g6 19. Bb2 Bxe2 20. Qxe2 Nh5 21. Nxf5 Rxf5 22. Rxf5 {1-0 (32) Nikolaidis,I (2493)-Brkic,A (2568) Leros 2010}) 15. c4 {[%emt 0:09:24] Threatens to win with d4.} Nf4 16. Bd1 $1 {[%emt 0:09:07] Black must now prevent d4.} Ng6 $1 17. d4 Qb4 {[%emt 0:04:04] [#]} (17... Qxc4 $14 18. Rb1 b6) 18. Qxb4 (18. Qd3 $142 $1) 18... Nxb4 $16 19. Rb1 (19. Bd2 $5 c5 20. Bxb4 cxb4 21. c5 $16) 19... c5 20. dxc5 Nd3 (20... a5 $1 $14) 21. Ba3 $36 {[%emt 0:00:31][%mdl 2048] White is really pushing.} ({Don't go for} 21. Ne1 $2 Bxd1 22. Nxd3 Bc2 $19) 21... Rfc8 22. Bc2 Nxc5 23. Ng5 f6 24. Ne4 {[%emt 0:00:06] White is more active.} Nd7 (24... Nxe4 $16 25. Bxe4 Re8 26. Bxb7 Rad8) 25. Rxb7 $18 {[%emt 0:00:59] aiming for Nd6.} Rab8 (25... Rcb8 $142) 26. Rfb1 (26. Rxa7 Ra8 27. Rxa8 Rxa8 $16) 26... Nge5 27. Nd6 ({Weaker is} 27. Rxa7 Rxb1+ 28. Bxb1 Nxc4 $14) 27... Rxb7 28. Rxb7 Rb8 29. Rxa7 {[%emt 0:00:30] Strongly threatening Be4.} Nc6 (29... Be6 {is a better defense.} 30. c5 Bd5) 30. Rc7 Nde5 31. Be4 Nd8 32. Re7 Bd7 {[%emt 0:00:30] Against Re8+} 33. Bd5+ Kh8 34. c5 h5 35. Nc4 (35. h3 $18) 35... Bc6 $16 36. Nxe5 Bxd5 {[%emt 0:00:06] [#]} 37. Ng6+ (37. Rd7 $1 $16 {Hoping for Ng6+.} Nc6 38. Nxc6 (38. Rxd5 Nxe5 39. Rd2 Kh7 $16) 38... Bxc6 39. Rd6) 37... Kg8 (37... Kh7 $1 $14 38. Nf4 Bxa2) 38. Nf4 (38. Rd7 $16 Be4 39. Ne7+ Kh7 40. Rd4) 38... Bxa2 $14 39. Nxh5 Bf7 40. Nf4 Rb3 41. Ra7 (41. Rd7 $16 Nc6 42. Rd3) 41... Rxe3 42. Ra8 Re8 43. h4 Nc6 44. Ra6 Rc8 45. h5 Bc4 46. Rb6 Ne5 47. h6 Rc6 48. hxg7 Kxg7 49. Bb2 Rxc5 50. Nh5+ Kg6 51. Nxf6 {[%emt 0:00:10] Nd7+ is the strong threat.} Rc6 $2 {[%emt 0:00:19][%mdl 8192] Loses the game.} (51... Kf5 $11) 52. Nd7 $1 $18 Rxb6 53. Nxb6 Nd3 (53... Be6 $142 54. Bxe5 Kf5) 54. Nxc4 {[%emt 0:00:04][%mdl 4096] Endgame Ne5+ would kill now.} Nf4 55. Ne5+ Kh5 56. g4+ Kh4 57. Ba3 Ng6 58. Nxg6+ Kxg4 59. Kf2 Kh3 60. Kf3 Kh2 61. Bc5 Kh1 62. Bd6 Kg1 63. Nf4 Kh2 64. Be5 Kh1 65. Nd3 Kg1 66. Nf2 Kf1 67. Bh2 Ke1 68. Ne4 Kd1 69. Ke3 Kc2 70. Bd6 Kb3 71. Kd4 Ka4 72. Kc5 Ka5 73. Bb8 Ka6 74. Nd6 Ka5 75. Nb5 {[%emt 0:00:36] White mates.} Ka6 76. Kc6 Ka5 77. Ba7 Kb4 78. Nd6 Kc3 79. Kc5 Kd3 80. Kd5 Ke2 81. Ke4 Kf1 82. Kf3 Ke1 83. Ne4 Kd1 84. Ke3 Ke1 85. Nd2 Kd1 86. Kd3 Kc1 87. Nc4 Kd1 88. Bf2 Kc1 89. Nd2 Kb2 90. Bc5 Kc1 91. Nf3 Kd1 92. Bb4 Kc1 93. Nd4 Kd1 94. Nc2 Kc1 95. Ne3 Kb2 96. Kc4 Ka2 97. Kc3 Kb1 98. Nc4 Kc1 99. Nb2 Kb1 100. Nd3 Ka2 101. Kc2 Ka1 102. Bc5 Ka2 103. Nc1+ Ka1 104. Bd4# {[%emt 0:00:02] Weighted Error Value: White=0.16 (very precise) /Black=0.41} 1-0

[Event "Silver Lake Festival 2022"]
[Site "Veliko Gradiste"]
[Date "2022.06.20"]
[Round "2.9"]
[White "Doraszelski, Alexander"]
[Black "Martic, Ivan"]
[Result "1/2-1/2"]
[ECO "B23"]
[WhiteElo "1887"]
[BlackElo "2314"]
[Annotator "TA"]
[PlyCount "49"]
[EventDate "2022.06.16"]
[EventType "swiss"]
[EventCountry "SRB"]
[SourceTitle "playchess.com"]
[Source "ChessBase"]
[SourceQuality "1"]
[TimeControl "5400+30"]

1. e4 c5 2. Nc3 a6 3. d4 cxd4 4. Qxd4 Nc6 5. Qe3 e6 6. Bd2 {[%emt 0:01:06] B23: Closed Sicilian: Lines without g3.} Nf6 7. O-O-O d6 8. Kb1 {[%emt 0:06:03] The position is equal.} Be7 {[%emt 0:00:25] [#]} 9. Be2 $146 ({Predecessor:} 9. f4 Qc7 10. Nf3 b5 11. Bd3 Nb4 12. Rhe1 Nxd3 13. cxd3 Bb7 14. e5 Nd5 15. Nxd5 Bxd5 16. exd6 Qxd6 {1-0 (33) Sanchez Montesdeoca,I (1779)-Dominguez Gutierrez,J (1546) Gran Canaria 2016}) 9... h5 ({Black should try} 9... O-O $11) 10. f4 $14 Qc7 11. Qg3 g6 12. Nf3 Bd7 13. e5 h4 14. Nxh4 dxe5 15. fxe5 Qxe5 16. Bf4 Qc5 17. Rhf1 {[%emt 0:02:54][%cal Oh4g6] Black must now prevent Nxg6!} b5 $2 (17... O-O-O $14) 18. Be3 Qe5 19. Bf4 Qc5 20. Be3 Qe5 21. Bf4 Qc5 {[%emt 0:00:07] [#]} 22. Bd6 (22. Nxg6 $1 $18 Rg8 23. Be3 Rxg6 24. Bxc5 Rxg3 25. hxg3) 22... Bxd6 $16 23. Rxd6 {Nxg6 is the strong threat.} ({Wrong is} 23. Qxd6 $2 Qxd6 24. Rxd6 Rxh4 $19) 23... Qe5 {[%emt 0:32:16] [#]} 24. Rdd1 $2 {[%emt 0:01:00] White is more active.} ({And not} 24. Nxg6 fxg6 25. Qxg6+ Ke7 $17) (24. Qf2 $1 $16 {stays on course.}) 24... Qc5 $2 25. Bh5 $4 {[%emt 0:00:00][%mdl 8192] Weighted Error Value: White=0.71/Black=0.38} (25. Rxf6 $18 Nd4 {[#]} 26. Rxf7 $3 ) 1/2-1/2

[Event "Silver Lake Festival 2022"]
[Site "Veliko Gradiste"]
[Date "2022.06.20"]
[Round "2.10"]
[White "Markovic, Zoran S"]
[Black "Aayush Agrawal"]
[Result "1-0"]
[ECO "B09"]
[WhiteElo "2313"]
[BlackElo "1114"]
[Annotator "TA"]
[PlyCount "45"]
[EventDate "2022.06.16"]
[EventType "swiss"]
[EventCountry "SRB"]
[SourceTitle "playchess.com"]
[Source "ChessBase"]
[SourceQuality "1"]
[TimeControl "5400+30"]

1. e4 d6 2. d4 Nf6 3. Nc3 g6 4. f4 Bg7 5. Nf3 c5 6. dxc5 Qa5 7. Qd4 {[%emt 0:00:52] B09: Pirc Defence: Austrian Attack.} (7. cxd6 Nxe4 8. dxe7 (8. Bb5+ Nd7 $15) 8... Nc6 $11) 7... O-O 8. cxd6 (8. Bd2 {feels hotter.} Nc6 9. Qc4 Qxc5 10. Qxc5 dxc5 11. e5) 8... Nxe4 9. Qxe4 {[%emt 0:00:23] The position is equal.} Bxc3+ 10. bxc3 Qxc3+ 11. Kf2 Qxa1 12. dxe7 Re8 {[%emt 0:01:11] White must now prevent ...Nc6.} 13. Bc4 Qf6 (13... Nc6 $2 14. Bxf7+ $1 Kxf7 15. Qc4+ Be6 16. Ng5+ Kg8 17. Nxe6 Rxe7 18. Nc7+ Rf7 19. Nxa8 $18) 14. Ba3 {[%emt 0:03:07] aiming for Ng5.} Nc6 (14... Be6 $1 $11) 15. Ng5 $1 $36 {[%emt 0:08:50][%mdl 2048] White is in control.} Bf5 16. Qe3 {[%emt 0:06:38] [#] Chess con chili. 0x0.0022fabfd33adp-1022s more active pieces. The black rooks are badly placed.} Be6 $146 {[%emt 0:13:53][%mdl 8192] This costs Black the game.} (16... Rxe7 $16 17. Bxe7 Qxe7) ({Predecessor:} 16... Rxe7 17. Bxe7 Nxe7 18. Bxf7+ Kg7 19. Re1 Nc6 20. Bd5 h6 21. Bxc6 hxg5 22. Bxb7 Rf8 23. fxg5 Qb2 24. Bf3 Qxa2 25. Qd4+ Kg8 26. Kg1 Qa3 27. Bd5+ {1-0 (27) Nemec,V (2082)-Zecevic,D (2240) Velika Gorica 2014}) 17. Nxe6 $18 fxe6 (17... Nxe7 18. Nc7 Nf5 19. Nxe8 Qh4+ 20. g3 Nxe3 21. gxh4 Nxc4 22. Nf6+ Kg7) 18. Bxe6+ {[%emt 0:08:08] A strong pair of Bishops.} Kg7 19. Rb1 {[%emt 0:10:30] Strongly threatening Bb2.} Qh4+ 20. Kg1 {[%emt 0:02:12] White wants to mate with Bb2+.} Nxe7 21. g3 (21. Bb2+ $142 Kh6 22. g4 Nf5 23. Qf3 $1 Rxe6 24. g5+ Qxg5+ 25. fxg5+ Kxg5 26. Kf2) 21... Qh5 22. Qc3+ Kh6 23. g4 {[%emt 0:01:01] Weighted Error Value: White=0.09 (flawless) /Black=1.17} ({Not} 23. Rxb7 Qd1+ 24. Kf2 {[#]} (24. Kg2 $2 Qe2+ 25. Kh3 Qxe6+ $19) 24... Rad8 $1 $17) 1-0

[Event "Silver Lake Festival 2022"]
[Site "Veliko Gradiste"]
[Date "2022.06.20"]
[Round "2.11"]
[White "Botea, David-Alexandru"]
[Black "Sadikhov, Ulvi"]
[Result "0-1"]
[ECO "B41"]
[WhiteElo "1888"]
[BlackElo "2491"]
[Annotator "TA"]
[PlyCount "76"]
[EventDate "2022.06.16"]
[EventType "swiss"]
[EventCountry "SRB"]
[SourceTitle "playchess.com"]
[Source "ChessBase"]
[SourceQuality "1"]
[TimeControl "5400+30"]

1. e4 {[%emt 1:31:00] RR} c5 2. Nf3 e6 3. d4 cxd4 4. Nxd4 a6 5. c4 Nf6 6. Nc3 Qc7 7. a3 b6 8. Be3 Bb7 {[%emt 0:00:30] B41: Sicilian: Kan Variation: 5 c4.} 9. f3 d6 10. Be2 Nbd7 {[%emt 0:00:30] White is slightly better.} 11. O-O {[%emt 0:00:30] 11.Rc1 is more advanced technology.} Be7 12. Rc1 O-O 13. b4 Rac8 14. Qd2 Qb8 15. Kh1 Rfe8 16. Rc2 Bd8 17. Bg1 Ne5 18. Na4 h5 {[%emt 0:00:30][%cal Bh7h5,Bh5h4,Bh4h3,Bh3g2][%mdl 32] [#]} 19. Rd1 $146 ({Predecessor:} 19. Bf2 Ng6 20. c5 b5 21. Nb6 Bxb6 22. cxb6 d5 23. Rxc8 Rxc8 24. e5 Nxe5 25. Bg3 {½-½ (47) Sasikiran,K (2642)-Fier,A (2632) Montpellier 2015 CBM 166 Extra [RR]}) 19... h4 20. Nb3 (20. h3 $11) 20... h3 $1 $17 21. Bxb6 (21. Nxb6 $142 Bxb6 22. Bxb6 Bxe4 23. fxe4 Qxb6 24. Bd3 (24. Qxd6 $2 Qf2 $19)) 21... hxg2+ 22. Kg1 {[%emt 0:00:30] [#]} Bc6 (22... d5 $1 $19 23. cxd5 Rxc2 24. Qxc2 Bxb6+ 25. Nxb6 exd5 26. Nxd5 (26. Kxg2 $2 dxe4 27. f4 Nd3 $19) 26... Bxd5 27. exd5 Ng6) 23. Bxd8 Bxa4 24. Bxf6 Bxb3 {[%emt 0:00:30] Dancing on a razor blade.} ({Don't play} 24... gxf6 25. Rb2 $11) 25. Bxe5 dxe5 (25... Bxc2 26. Bxd6 Qa7+ 27. Qd4 Bxd1 28. Qxa7 $11) 26. c5 Red8 {[%emt 0:00:30] Inhibits Qd3.} ({Much worse is} 26... Bxc2 $6 27. Qxc2 a5 28. b5 $11) 27. Bd3 {[%emt 0:00:30] [#]} (27. Qc3 $17 {is a better defense.} Bxc2 28. Rxd8+ Rxd8 29. Qxc2) 27... Rd4 $1 $19 {[%emt 0:00:30] Strongly threatening ...Rcd8.} ({Inferior is} 27... Bxc2 28. Qxc2 Rd4 29. Kxg2 $15) 28. Qc3 Bxc2 29. Bxc2 (29. Qxc2 {only move.} Qa7 30. Be2) 29... a5 30. Rxd4 exd4 {[%emt 0:00:30][%mdl 4096] Endgame KQR-KQB} 31. Qc4 (31. Qd2 {was the only chance.} e5 32. Kxg2) 31... axb4 32. axb4 Qf4 33. Kxg2 (33. Qxd4 $142 Qxf3 34. Qd3) 33... Qd2+ 34. Kg3 Ra8 {[%emt 0:00:30] ( -> ...Ra1)} 35. Kh3 Ra1 {[%emt 0:00:30] Black mates.} 36. Qd3 Qh6+ 37. Kg2 Qg5+ 38. Kf2 Qg1+ {Weighted Error Value: White=0.92/Black=0.07 (flawless)} 0-1

[Event "Silver Lake Festival 2022"]
[Site "Veliko Gradiste"]
[Date "2022.06.20"]
[Round "2.12"]
[White "Song, Raymond"]
[Black "Lever, Erwan"]
[Result "1-0"]
[ECO "B41"]
[WhiteElo "2485"]
[BlackElo "2209"]
[Annotator "TA"]
[PlyCount "77"]
[EventDate "2022.06.16"]
[EventType "swiss"]
[EventCountry "SRB"]
[SourceTitle "playchess.com"]
[Source "ChessBase"]
[SourceQuality "1"]
[TimeControl "5400+30"]

1. e4 c5 2. Nf3 e6 3. d4 cxd4 4. Nxd4 a6 5. a3 b5 6. a4 {[%emt 0:00:05] [#] B41: Sicilian: Kan Variation: 5 c4.} bxa4 $146 ({Predecessor:} 6... b4 7. Bd3 Bb7 8. O-O Ne7 9. Qh5 Nec6 10. Nxc6 Nxc6 11. Nd2 Qa5 12. Qh3 Ne5 13. b3 {1-0 (37) Hakobyan,A (2612)-Blomqvist,E (2550) Fagernes 2022}) 7. g3 Bc5 8. Bg2 {[%emt 0:01:14][%mdl 1024] White has compensation. White is slightly better.} Ne7 9. O-O Nbc6 10. Ne2 Ne5 11. Nbc3 d6 12. Nxa4 Ba7 13. b3 Bb7 14. Ba3 Nc8 15. Nf4 O-O 16. Qd2 Qc7 17. h3 Bc6 18. Nc3 Rd8 19. Kh2 (19. Rfd1 {feels hotter.} Be8 20. Nh5 Qb6 21. Bb2) 19... Ne7 20. Rad1 Bc5 21. Bb2 Rac8 22. Nh5 {[%emt 0:02:02] And now f4 would win.} f6 23. Nf4 (23. f4 $14 N5g6 24. Ne2) 23... Qd7 24. Nce2 N7g6 25. Nxg6 Nxg6 26. Nd4 Bb7 27. Qe2 Qe7 28. h4 Ne5 29. h5 (29. f4 $5 Nd7 30. Bh3 $14) 29... g5 ({Black should play} 29... Re8 $11) 30. f4 $14 Qe8 $2 {[%emt 0:04:46][%mdl 8192] This move loses the game for Black.} 31. fxe5 $18 dxe5 {[%emt 0:00:08][%cal Rc5d4] [#]} 32. Nxe6 Qxe6 {[%emt 0:00:49] [#]} 33. Bh3 $1 Qf7 (33... Qe7) 34. Bxc8 {[%emt 0:01:12] White is clearly winning.} Rxc8 35. Bxe5 Qe6 36. Bxf6 Bxe4 (36... Qxe4 $142 37. Qxe4 Bxe4) 37. Bxg5 {[%emt 0:23:49] Strongly threatening Rf6.} Bb6 38. Rf6 Rxc2 39. Qxc2 {[%emt 0:00:00] Weighted Error Value: White=0.29 (precise) /Black=0.62} (39. Rxe6 $2 {perishes.} Rxe2+ 40. Kh3 Bf5+ 41. g4 Bxe6 $19) 1-0

[Event "Silver Lake Festival 2022"]
[Site "Veliko Gradiste"]
[Date "2022.06.20"]
[Round "3.1"]
[White "Damljanovic, Branko"]
[Black "Zanan, Evgeny"]
[Result "0-1"]
[ECO "C88"]
[WhiteElo "2469"]
[BlackElo "2534"]
[Annotator "TA"]
[PlyCount "98"]
[EventDate "2022.06.16"]
[EventType "swiss"]
[EventCountry "SRB"]
[SourceTitle "playchess.com"]
[Source "ChessBase"]
[SourceQuality "1"]
[TimeControl "5400+30"]

1. e4 e5 2. Nf3 Nc6 3. Bb5 a6 4. Ba4 Nf6 5. O-O Be7 6. Re1 b5 7. Bb3 O-O 8. h3 Bb7 9. Nc3 d6 10. a3 Na5 11. Ba2 c5 12. d3 Rc8 {[%emt 0:05:04] C88: Closed Ruy Lopez: Anti-Marshall Systems.} 13. Ne2 {[%emt 0:07:42] [#]} Ne8 $146 ({Predecessor:} 13... c4 14. Ng3 g6 15. Bd2 Nd7 16. b4 cxb3 17. cxb3 Nc6 18. b4 Bf6 19. Ne2 Nb6 20. Rc1 {1-0 (46) Bratanov,Z (2393)-Bojkov,D (2398) Plovdiv 2003}) 14. Ng3 g6 {[%emt 0:00:40] White is slightly better.} 15. Bh6 Ng7 16. Qd2 c4 17. b4 cxb3 $1 18. cxb3 Nc6 19. b4 Bf6 20. Ne2 Re8 21. Ng5 Ne6 22. Nxe6 fxe6 23. Rad1 ({White should play} 23. Rac1 $14) 23... Kh8 (23... g5 $11) 24. Be3 $14 Nd4 25. Bxd4 (25. Rc1 $14) 25... exd4 $11 26. Rc1 Qe7 27. Rxc8 Rxc8 28. Rc1 Rf8 29. Rf1 e5 30. Bb3 Bg5 31. Qa2 Qf6 32. Kh1 Bc8 33. Ng1 Bh4 (33... Be3 $5) 34. Qe2 Qf4 (34... Bxf2 $2 35. g3 $18) (34... Bg3 $5) 35. Nf3 Be7 36. Nh2 $1 Bg5 37. g3 (37. Qc2 $1 $11 {remains equal.}) 37... Qd2 $17 38. Qxd2 Bxd2 39. Kg2 Bd7 40. Rd1 Bc3 {[%emt 0:00:16] Black is more active.} 41. Rb1 a5 (41... Kg7 $17) 42. bxa5 $15 Ra8 (42... Bxa5 $5 43. Bd5 Rc8 $15) 43. f4 exf4 ({But not} 43... Rxa5 44. fxe5 dxe5 45. Rf1 $16 (45. Nf3 Rxa3 46. Nxe5 Be8 $11)) 44. gxf4 Rxa5 45. Nf3 Rxa3 {[%emt 0:00:20] aiming for ...b4.} 46. Ng5 b4 {[%emt 0:00:49][%cal Oa3b3] Strongly threatening ...Rxb3!} 47. Nf7+ $2 (47. Bc4 $17 {nothing else works.}) 47... Kg7 $19 {[%emt 0:00:03][%cal Oa3b3] White must now prevent ...Rxb3!} 48. Nxd6 $2 {[%emt 0:00:03] [#]} (48. Bc4 Ba4 49. Nxd6) 48... Rxb3 $1 49. Rxb3 {[%emt 0:00:02] [#]} Ba4 $1 {[%emt 0:00:12] Weighted Error Value: White=0.33/Black=0.09 (flawless)} 0-1

[Event "Silver Lake Festival 2022"]
[Site "Veliko Gradiste"]
[Date "2022.06.20"]
[Round "3.2"]
[White "Strikovic, Aleksa"]
[Black "Radovanovic, Nikola"]
[Result "1-0"]
[ECO "B07"]
[WhiteElo "2502"]
[BlackElo "2423"]
[Annotator "TA"]
[PlyCount "86"]
[EventDate "2022.06.16"]
[EventType "swiss"]
[EventCountry "SRB"]
[SourceTitle "playchess.com"]
[Source "ChessBase"]
[SourceQuality "1"]
[TimeControl "5400+30"]

1. e4 d6 2. d4 Nf6 3. Nc3 e5 4. dxe5 dxe5 5. Qxd8+ Kxd8 6. Bc4 Ke8 {[%emt 0:00:12] is currently scoring better than 6...Be6.} 7. Nf3 Bd6 8. h3 {[%emt 0:02:31] B07: Pirc Defence: Miscellaneous Systems.} a6 9. a4 b6 {[%emt 0:00:05] [#]} 10. Ng5 $146 {[%emt 0:02:46] White is slightly better.} ({Predecessor:} 10. Be3 Bb7 11. Nd2 Nbd7 12. g4 Bb4 13. f3 Bxc3 14. bxc3 Ke7 15. Ke2 Ne8 16. Rhb1 {1-0 (64) Ciorgovean,I (2276)-Gallego Alcaraz,A (2523) Bucharest 2022}) 10... Rf8 11. Nd5 Nbd7 12. f4 exf4 (12... Nh5 $15) 13. Bxf4 $11 Bxf4 14. Nxf4 Ne5 15. Bb3 $36 {[%emt 0:01:25][%mdl 2048] White is pushing.} Bb7 16. O-O-O Rd8 17. Nd5 Bxd5 18. exd5 {[%emt 0:00:13] And now Rhe1 would win.} Kd7 19. Rhe1 Rde8 {[%emt 0:00:48] [#]} (19... Kd6 $11 {keeps the balance.}) 20. Ne6 $1 $16 fxe6 21. dxe6+ Ke7 {[%emt 0:00:01] ...Ng6 is the strong threat.} 22. Rxe5 Rd8 23. Bc4 {[%emt 0:07:33] White is more active.} (23. Rf1 $16) 23... Rxd1+ $11 24. Kxd1 {[%emt 0:00:14][%mdl 4096] Endgame KRB-KRN} a5 25. c3 Ne8 26. Ke2 Nd6 27. Bb3 Rf6 {[%emt 0:04:40] The position is equal.} 28. g4 Rf4 29. Bc2 g6 30. Bb3 c6 31. Re3 Ne4 32. Bc2 Rf2+ 33. Kd1 Nd6 34. b3 Rh2 35. Bd3 Ne8 36. Be4 c5 37. Bd5 Nd6 38. c4 g5 39. Ke1 Ne8 40. Kf1 {[%emt 0:00:49] [#] Strongly threatening Bg2.} Rd2 41. Re5 h6 42. h4 Nf6 43. hxg5 Nxg4 {[%emt 0:00:02][%mdl 32768] Weighted Error Value: White=0.10 (very precise) /Black=0.05 (flawless) . Loss on time!?} 1-0

[Event "Silver Lake Festival 2022"]
[Site "Veliko Gradiste"]
[Date "2022.06.20"]
[Round "3.3"]
[White "Mohammad Nubairshah Shaikh"]
[Black "Stremavicius, Titas"]
[Result "1/2-1/2"]
[ECO "D35"]
[WhiteElo "2443"]
[BlackElo "2508"]
[Annotator "TA"]
[PlyCount "119"]
[EventDate "2022.06.16"]
[EventType "swiss"]
[EventCountry "SRB"]
[SourceTitle "playchess.com"]
[Source "ChessBase"]
[SourceQuality "1"]
[TimeControl "5400+30"]

1. d4 d5 2. c4 e6 3. Nc3 Nf6 4. cxd5 exd5 5. Bg5 Nbd7 6. e3 Be7 7. Bd3 c6 8. Nge2 h6 {[%emt 0:00:16] 8...Nf8 gains popularity.} 9. Bh4 {[%emt 0:00:03] D35: Queen's Gambit Declined: Exchange Variation.} Nh5 10. Bxe7 Qxe7 11. Qd2 {[%emt 0:00:25] White has an edge.} Nb6 12. O-O O-O 13. f3 Qg5 {[%emt 0:04:47] [#]} 14. g4 $146 ({Predecessor:} 14. Rae1 Bd7 15. g4 Rae8 16. Kf2 Nf6 17. Ng3 Qh4 18. Kg2 g6 19. h3 h5 20. Qf2 hxg4 21. hxg4 {½-½ (33) Dragun,K (2561)-Stremavicius,T (2517) Charlotte 2020}) 14... Re8 15. Rad1 Nf6 ({Much less strong is} 15... Rxe3 16. Kf2 (16. h4 Qe7 $14) 16... Rxd3 17. Qxg5 (17. Qxd3 Nc4 $14) 17... hxg5 18. Rxd3 $16) 16. Nf4 h5 17. h3 Qh4 (17... hxg4 {keeps more tension.} 18. hxg4 Nxg4 19. fxg4 Bxg4 20. Qg2 Rxe3 21. Rd2 Qh4) 18. Qe1 Qxe1 19. Rfxe1 hxg4 20. hxg4 g6 21. Kf2 Bd7 22. g5 (22. b3 {is interesting.} Kg7 23. Rh1 Rh8 24. Bb1) 22... Nh7 23. Rg1 Nf8 24. b4 (24. a4 {is more complex.} Kg7 25. Rh1 Ne6 26. Nxe6+ Bxe6 27. a5) 24... Ne6 25. Nxe6 Bxe6 26. a4 Nc8 27. b5 Nd6 28. e4 Rac8 29. Rc1 Kg7 30. bxc6 bxc6 31. exd5 Bxd5 32. Nxd5 cxd5 33. Rc5 Nc4 (33... Rxc5 $1 $11 {keeps the balance.} 34. dxc5 Nb7) 34. Bxc4 $16 dxc4 {[%emt 0:00:02][%mdl 4096] Endgame KRR-KRR} 35. Rc1 Rb8 36. R1xc4 Rb2+ 37. Rc2 Rb4 {[%emt 0:00:45] [#]} 38. R5c4 $1 Rb3 {[%emt 0:00:02] [#]} 39. Re2 {[%emt 0:03:00] Prevents Ree3.} (39. R2c3 $1 $16 Rb2+ 40. Kg3) 39... Rh8 $1 $14 {[%emt 0:00:05] ...Rh2+ is the strong threat.} 40. Kg2 {[%emt 0:03:32] Against Rh2+} Rd3 41. Re4 Rd8 $1 42. Rc7 (42. Kf2 $14) 42... Rd5 $1 $11 43. Rf4 Rxg5+ 44. Kf2 Rf5 45. Rxf5 gxf5 {[%emt 0:00:05] KR-KR} 46. Rd7 a5 47. Rd5 f4 48. Ke2 Re3+ 49. Kf2 Rd3 50. Kg2 Kg6 51. Rxa5 Rxd4 52. Kh3 f5 {[%emt 0:00:31] The position is equal.} 53. Kh4 {[%emt 0:00:24] Hoping for Ra6+.} Rd3 54. Ra6+ Kf7 55. Kg5 Rxf3 56. Rf6+ Ke7 57. Rxf5 Kd6 58. Rxf4 Rxf4 59. Kxf4 Kc5 60. Ke4 {[%emt 0:05:52] Weighted Error Value: White=0.06 (flawless) /Black=0.06 (flawless)} 1/2-1/2

[Event "Silver Lake Festival 2022"]
[Site "Veliko Gradiste"]
[Date "2022.06.20"]
[Round "3.4"]
[White "Ramoutar, Alan-Safar"]
[Black "Markovic, Zoran S"]
[Result "1/2-1/2"]
[ECO "B23"]
[WhiteElo "2477"]
[BlackElo "2313"]
[Annotator "TA"]
[PlyCount "135"]
[EventDate "2022.06.16"]
[EventType "swiss"]
[EventCountry "SRB"]
[SourceTitle "playchess.com"]
[Source "ChessBase"]
[SourceQuality "1"]
[TimeControl "5400+30"]

1. e4 c5 2. Nc3 Nc6 3. Bb5 Nd4 4. Nf3 Nxb5 5. Nxb5 d6 6. d4 Nf6 $1 {[%emt 0:00:29] The main line 6...Nf6 scores better than 6...a6. B23: Closed Sicilian: Lines without g3.} 7. Qd3 a6 8. Nc3 {[%emt 0:00:09] White wants to play dxc5.} cxd4 9. Nxd4 e5 10. Nf5 Bxf5 11. exf5 h6 {[%emt 0:00:28] Against Bg5} 12. Bd2 d5 13. O-O-O {[%emt 0:00:27] [#]} d4 $146 ({Predecessor:} 13... Qd6 14. Kb1 Be7 15. h3 b5 16. f4 e4 17. Qd4 O-O 18. Be3 Rfd8 19. g4 b4 {½-½ (34) Kavc,A (2206)-Zavrazhnov,A (2219) ICCF email 2017}) 14. Ne4 Qd5 15. Rhe1 {[%emt 0:03:02] Black should prevent c4.} Qxa2 {[%emt 0:14:48][%cal Ra2a1] [#]} 16. Nc3 $1 {[%emt 0:00:08] Active counter play!} dxc3 17. Rxe5+ Be7 18. Bxc3 {[%emt 0:01:30][%cal Oe5e7] Hoping for Rxe7+! Chess con chili.} Qa1+ 19. Kd2 Qa4 20. Ke1 $36 {[%emt 0:12:35][%cal Oe5e7][%mdl 2048] aiming for Rxe7+! White fights for an advantage.} O-O 21. Rxe7 $16 Qc6 22. Kf1 Rfe8 23. Bxf6 Qxf6 24. Rxb7 Red8 25. Qf3 Rxd1+ 26. Qxd1 {[%emt 0:00:02][%mdl 4096] Endgame KQR-KQR} Rd8 {[%emt 0:06:05] Prevents Qd5.} 27. Qf3 Qg5 {[%emt 0:01:59] ( -> ...Qc1+)} 28. g3 {[%emt 0:05:48] Strongly threatening Qe4.} Qc1+ 29. Kg2 {[%emt 0:00:02] Qb3 is the strong threat.} Qxc2 30. f6 Qd1 (30... g5 $142) 31. fxg7 Qxf3+ 32. Kxf3 {[%emt 0:00:03] KR-KR} a5 33. Ke4 Kxg7 34. Rb5 a4 35. h4 Ra8 36. Kf5 a3 37. bxa3 Rxa3 38. Kg4 {[%emt 0:00:27] Inhibits Rf3.} Ra4+ 39. Kh5 Ra3 40. Rf5 Rb3 41. g4 (41. Kg4 $16) 41... f6 (41... Rb2 $14) 42. Ra5 {[%emt 0:00:52] Threatens to win with Ra7+.} Rb7 {[%emt 0:00:09] Prevents Ra7.} 43. f4 Rc7 44. Ra6 Rb7 45. f5 Rc7 46. g5 (46. Re6 $16) 46... hxg5 $11 {[%emt 0:00:07] The position is equal.} 47. hxg5 fxg5 48. Kxg5 Rb7 49. Rg6+ Kf7 50. Rh6 {[%emt 0:00:26] White wants to mate with Rh7+.} Rb1 51. Rh7+ Kg8 $1 52. Ra7 Rb6 53. Re7 Kf8 54. Ra7 Rc6 55. Ra8+ Kf7 56. Ra1 Kg7 57. Rb1 Ra6 58. Rb7+ Kf8 59. f6 Ra1 60. Rb8+ Kf7 61. Rb7+ Kf8 62. Rb5 Kf7 63. Rb7+ Kf8 64. Kg6 Rg1+ 65. Kf5 Rf1+ 66. Ke6 Re1+ 67. Kd7 Kf7 68. Rb6 {[%emt 0:00:10] Weighted Error Value: White=0.09 (flawless) /Black=0.08 (flawless)} 1/2-1/2